 Dungeon Crawl Stone Soup version 0.21.0 (webtiles) character file.

15141802 Television the Lord of Darkness (level 27, 200/200 HPs)
             Began as a Tengu Necromancer on Jan 6, 2018.
             Was the Champion of Kikubaaqudgha.
             Escaped with the Orb
             ... and 15 runes on Jan 7, 2018!
             The game lasted 12:03:50 (103773 turns).

Television the Lord of Darkness (TeNe)            Turns: 103773, Time: 12:03:51

Health: 200/200    AC: 36    Str: 14    XL:     27
Magic:  41/61      EV: 28    Int: 42    God:    Kikubaaqudgha [******]
Gold:   5832       SH: 10    Dex: 25    Spells: 0/74 levels left

rFire    + + +     SeeInvis .   M - +6 flail of Kesaps {distort, Int+6}
rCold    + . .     Gourm    .   b - +3 buckler {AC+3}
rNeg     + + +     Faith    .   W - +10 pearl dragon scales
rPois    +         Spirit   .   f - +2 hat "Zecwow" {Str+3}
rElec    +         Reflect  .   q - +4 dragonskin cloak
rCorr    .         Harm     .   T - +1 pair of gloves "Wussebro" {rF+ rN+ Dex+5}
MR       +++..     Clarity  +   (boots unavailable)
Stlth    ++........             O - amulet "Jasaloce" {rElec Regen+ MP+9}
HPRegen  0.83/turn              s - ring "Tieproir" {rF+ Int+6}
MPRegen  0.37/turn              K - ring of Kuroatuc {rElec rC+ Int+4 Dex+3 Slay+3}

@: flying quickly and evasively, hasted, very quick
A: beak, talons 3, rugged brown scales 1, slimy green scales 1, agile 1, blurry
vision 1, clarity, deformed body, magic resistance 1, mutation resistance 1,
able to fly 2
0: Orb of Zot
}: 15/15 runes: decaying, serpentine, slimy, silver, golden, iron, obsidian,
icy, bone, abyssal, demonic, glowing, magical, fiery, dark
a: Stop Flying, Receive Corpses, Torment, Renounce Religion


You escaped.
You worshipped Kikubaaqudgha.
Kikubaaqudgha was exalted by your worship.
You were not hungry.

You visited 18 branches of the dungeon, and saw 90 of its levels.
You visited Pandemonium 1 time, and saw 12 of its levels.
You visited the Abyss 2 times.
You visited 1 bazaar.
You visited 1 ziggurat, and saw 12 of its levels.
You also visited: Ice Cave.

You collected 16742 gold pieces.
You spent 10910 gold pieces at shops.

Inventory:

Hand Weapons
 M - the +6 flail of Kesaps (weapon) {distort, Int+6}
   (You found it on level 10 of the Dungeon)

   It warps and distorts space around it.
   Unwielding it can cause banishment or high damage.
   It affects your intelligence (+6).
 P - the +4 staff of Dispater
   (You took it off Dispater on level 7 of the Iron City of Dis)
Missiles
 E - 11 throwing nets (quivered)
Armour
 b - a +3 buckler of protection (worn)
 f - the +2 hat "Zecwow" (worn) {Str+3}
   (You found it on level 3 of the Vaults)

   It affects your strength (+3).
 q - the +4 dragonskin cloak (worn)
   (You took it off Tiamat on level 1 of the Realm of Zot)
 t - the +12 fire dragon scales "Haenofeg" {rF++ rC- Dex+4}
   (You bought it in a shop on level 2 of the Orcish Mines)

   It affects your dexterity (+4).
   It greatly protects you from fire.
   It makes you vulnerable to cold.
 T - the +1 pair of gloves "Wussebro" (worn) {rF+ rN+ Dex+5}
   (You found it on level 2 of the Lair of Beasts)

   It affects your dexterity (+5).
   It protects you from fire.
   It protects you from negative energy.
 W - +10 pearl dragon scales (worn)
 Z - the +2 hat of the Bear Spirit {Spirit, +Rage rN+ MR++}
   (You found it on level 5 of the Pits of Slime)

   It protects you from negative energy.
   It affects your resistance to hostile enchantments.
   It lets you go berserk.
Jewellery
 i - the ring "Cyosut" {+Inv rElec rF+ MR+ SInv}
   (You found it on level 7 of a ziggurat)

   [ring of protection from magic]

   It protects you from fire.
   It insulates you from electricity.
   It affects your resistance to hostile enchantments.
   It lets you see invisible.
   It lets you turn invisible.
 j - the ring of Suram {rF++ rN+ Str+2 Slay-4}
   (You found it on level 7 of Tartarus)

   [ring of positive energy]

   It affects your strength (+2).
   It affects your accuracy and damage with ranged weapons and melee attacks
   (-4).
   It greatly protects you from fire.
   It protects you from negative energy.
 s - the ring "Tieproir" (left hand) {rF+ Int+6}
   (You found it on level 7 of the Iron City of Dis)

   [ring of protection from fire]

   It affects your intelligence (+6).
   It protects you from fire.
 F - an uncursed ring of wizardry
 K - the ring of Kuroatuc (right hand) {rElec rC+ Int+4 Dex+3 Slay+3}
   (You found it on level 3 of the Crypt)

   [ring of dexterity]

   It affects your intelligence (+4).
   It affects your dexterity (+3).
   It affects your accuracy and damage with ranged weapons and melee attacks
   (+3).
   It protects you from cold.
   It insulates you from electricity.
 O - the amulet "Jasaloce" (around neck) {rElec Regen+ MP+9}
   (You acquired it on level 1 of the Snake Pit)

   [amulet of regeneration]

   It insulates you from electricity.
   It affects your magic capacity (+9).
   It increases your rate of regeneration.
Wands
 a - a wand of iceblast (36)
 u - a wand of digging (40)
 B - a wand of acid (33)
 H - a wand of paralysis (116)
 R - a wand of clouds (3)
 S - a wand of scattershot (6)
Scrolls
 k - 15 scrolls of remove curse
 l - 15 scrolls of identify
 o - 12 scrolls of fear
 r - 8 scrolls of immolation
 v - 23 scrolls of teleportation
 C - 11 scrolls of fog
 N - 2 scrolls of summoning
 X - 3 scrolls of blinking
 Y - 3 scrolls of holy word
Potions
 d - 3 potions of ambrosia
 g - 3 potions of resistance
 m - a potion of haste
 n - 8 potions of brilliance
 p - 12 potions of agility
 w - 5 potions of heal wounds
 z - a potion of invisibility
 A - 10 potions of curing
 G - 3 potions of might
 I - 10 potions of mutation
 J - 14 potions of berserk rage
 L - 2 potions of magic
Miscellaneous
 e - a lightning rod (4/4)
 y - 4 boxes of beasts
 D - a phial of floods
 Q - a lamp of fire
 U - a figurine of a ziggurat
 V - the horn of Geryon
Comestibles
 c - 31 rations


   Skills:
 * Level 25.8 Fighting
 - Level 7.3 Maces & Flails
 - Level 5.4 Throwing
 - Level 11.3 Armour
 - Level 17.6 Dodging
 - Level 11.2 Stealth
 - Level 7.5 Shields
 - Level 24.0 Spellcasting
 - Level 21.1 Conjurations
 - Level 5.3 Charms
 - Level 2.1 Summonings
 O Level 27 Necromancy
 - Level 6.8 Translocations
 - Level 7.3 Transmutations
   Level 13.0 Fire Magic
 - Level 26.2 Air Magic
 - Level 12.9 Earth Magic
 - Level 17.4 Evocations


You couldn't memorise any spells.
You knew the following spells:

 Your Spells              Type           Power        Failure   Level  Hunger
a - Iron Shot             Conj/Erth      ########..   1%          6    None
b - Sublimation of Blood  Necr           ########..   0%          2    None
c - Statue Form           Tmut/Erth      #######..    3%          6    None
d - Regeneration          Chrm/Necr      ########..   0%          3    None
e - Apportation           Tloc           ######       1%          1    None
f - Summon Lightning Spi  Summ/Air       ########     1%          4    None
g - Animate Dead          Necr           N/A          0%          4    None
h - Infestation           Necr           ########..   1%          8    None
i - Tornado               Air            ########..   5%          9    None
j - Lee's Rapid Deconstr  Erth           ########..   1%          5    None
k - Blink                 Tloc           N/A          1%          2    None
l - Passwall              Tmut/Erth      #######...   1%          2    None
m - Passage of Golubria   Tloc           N/A          1%          4    None
n - Chain Lightning       Conj/Air       ########..   1%          8    None
v - Borgnjor's Vile Clut  Necr/Erth      ########..   0%          5    None
z - Dispel Undead         Necr           ########     0%          5    None


Dungeon Overview and Level Annotations

Branches:
Dungeon (15/15)            Temple (1/1) D:7            Lair (6/6) D:8
  Swamp (4/4) Lair:3        Snake (4/4) Lair:4        Slime (5/5) Lair:5
    Orc (2/2) D:9             Elf (3/3) Orc:2        Vaults (5/5) D:14
  Crypt (3/3) Vaults:3       Tomb (3/3) Crypt:3      Depths (5/5) D:15
   Hell (1/1)                 Dis (7/7) Hell            Geh (7/7) Hell
    Coc (7/7) Hell            Tar (7/7) Hell            Zot (5/5) Depths:5

Altars:
Ashenzari
Cheibriados
Dithmenos
Elyvilon
Fedhas
Gozag
Hepliaklqana
Kikubaaqudgha
Makhleb
Nemelex Xobeh
Okawaru
Qazlal
Ru
Sif Muna
Trog
Uskayaw
Vehumet
Wu Jian
Xom
Yredelemnul
Zin
The Shining One
Jiyva

Shops:
D:6 :   D:7 }   D:8 (   D:9 [   D:10 (   D:13 [   D:14 }   Orc:2 [*[*
Elf:2 [:   Snake:1 }}=   Snake:2 (   Snake:3 ?   Vaults:1 :   Vaults:5 ==
Depths:4 **

Portals:
Hell: Lair:6 Depths:1 Depths:2 Depths:3 Depths:4 Depths:5
Abyss: Depths:2 Depths:3 Depths:4
Pandemonium: Depths:1 Depths:3

Annotations:
Swamp:1 exclusion: downstairs
Slime:2 exclusion: upstairs
Vaults:2 1 exclusion
Crypt:1 1 runed door
Geh:7 Asmodeus
Zot:4 exclusion: upstairs


Innate Abilities, Weirdness & Mutations

You have a beak for a mouth.
You have claws for feet.
You can fly continuously.
You are partially covered in rugged brown scales. (AC +1, +3% HP)
You are partially covered in slimy green scales. (AC +2)
You are agile. (Dex +2)
Scrolls take you a little longer to read.
You possess an exceptional clarity of mind.
Armour fits poorly on your strangely shaped body.
You are resistant to hostile enchantments. (MR+)
You are somewhat resistant to further mutation.


Message History

The green death is almost dead.
Unknown command.
Casting: Iron Shot
Confirm with . or Enter, or press ? or * to list all spells.
Aiming: Iron Shot
Press: ? - help, Shift-Dir - straight line, f/p - green death
Aim: a green death (almost dead)
The iron shot hits the green death.
You kill the green death!
Kikubaaqudgha accepts your kill.
Unknown command.
You feel yourself speed up.
Casting: Iron Shot
Confirm with . or Enter, or press ? or * to list all spells.
Which direction?
You begin to meditate on the wall.
You continue meditating on the rock. x2
You finish merging with the rock.
A shadow imp comes into view.
There is a staircase leading out of the dungeon here.
You have escaped!

>...[...........
........##
################
#######..#
############### ##.#
#.............#### #.#
.......⌠.......... #..
................⌠.. ##.
..⌠.........⌠....... #.
.................... #.
.......@..........⌠. #.
...........5........ #.
..⌠.........⌠....... ##.
................⌠... #..
.......⌠..........# #.#
#.............##### ##.#
#######.#############..#
#.####............
#.................


You could see a shadow imp.

Vanquished Creatures
  Cerebov (Pan)
  Antaeus (Coc:7)
  the Royal Jelly (Slime:5)
  Gloorx Vloq (Pan)
  the Serpent of Hell (Coc:7)
  Lom Lobon (Pan)
  Tiamat (Zot:1)
  Mnoleg (Pan)
  10 ancient liches
  Dispater (Dis:7)
  Khufu (Crypt:3)
  9 orbs of fire (Zot:5)
  Mara (Crypt:3)
  2 juggernauts (Zig:12)
  27 greater mummies
  10 shard shrikes
  Vashnia (Snake:2)
  Geryon (Hell)
  3 Killer Klowns
  10 golden dragons
  4 caustic shrikes
  A profane servitor (Crypt:3)
  4 bone dragons
  2 doom hounds (Tar:1)
  2 pandemonium lords
  2 electric golems (Zot:5)
  Jorgrun (Vaults:3)
  4 iron giants
  7 Tzitzimimeh
  8 Brimstone Fiends
  A shard shrike zombie (Crypt:1)
  22 tentacled monstrosities
  8 Ice Fiends
  19 Orb Guardians
  2 deep elf master archers
  8 Hell Sentinels
  Rupert (Lair:3)
  7 titans
  16 liches
  2 deep elf blademasters
  8 quicksilver dragons
  Asterion (Vaults:3)
  5 sphinxes
  28 Executioners
  22 acid blobs
  An eldritch tentacle (Pan)
  4 thorn hunters
  15 ancient champions
  A tentacled starspawn (Abyss:5)
  The ghost of HungrySpirit the Minotaur Blade, an adept MiGl of Wu Jian (Swamp:3)
  12 storm dragons
  Agnes (Snake:2)
  A storm dragon (shapeshifter) (Zig:7)
  17 shadow dragons
  7 death cobs
  5 nagarajas
  7 tengu reavers
  4 revenants
  13 azure jellies
  3 draconian monks
  4 deep elf sorcerers
  13 frost giants
  11 iron dragons
  Aizul (Snake:3)
  16 balrugs
  Louise (Depths:3)
  5 draconian scorchers
  4 draconian knights
  4 ghost moths
  9 fire giants
  An emperor scorpion (shapeshifter) (Vaults:4)
  14 vault wardens
  A deep elf elementalist (Elf:3)
  3 black suns
  6 draconian shifters
  An orc warlord (Zig:12)
  4 curse skulls
  39 reapers
  2 warmongers
  9 cacodemons
  4 draconian stormcallers
  8 ghouls
  2 elemental wellsprings (Coc:7)
  21 stone giants
  6 draconian annihilators
  7 ironheart preservers
  3 spriggan defenders (Depths:4)
  2 war gargoyles (Hell)
  7 vampire knights
  27 very ugly things
  8 green draconians
  4 deep elf demonologists
  11 black draconians
  7 lorocyprocas
  Nessos (D:14)
  2 bennus
  4 red draconians
  7 white draconians
  A dire elephant (Lair:6)
  5 spark wasps
  8 purple draconians
  11 deep elf annihilators
  A merfolk javelineer (Abyss:5)
  8 yellow draconians
  4 deep elf death magi
  18 blizzard demons
  5 ettins
  16 mummy priests
  4 deep elf high priests
  6 death oozes (Slime:5)
  21 jiangshi
  6 fire dragons
  A spectral golden dragon (Crypt:3)
  8 green deaths
  2 monstrous demonspawn (Pan)
  3 quicksilver dragon zombies
  10 yaktaur captains
  8 great orbs of eyes
  Fannar (Lair:1)
  3 naga warriors
  A hydra (shapeshifter) (Vaults:5)
  9 ogre magi
  20 ice dragons
  8 rakshasas
  A hell beast (Dis:7)
  A ghost crab (Tar:5)
  13 hydras
  2 juggernaut simulacra (Pan)
  28 vault guards
  3 spriggan air magi
  29 two-headed ogres
  9 anacondas
  4 alligators
  A merfolk aquamancer (Crypt:1)
  6 deep troll shamans
  7 death knights
  15 hell hogs
  27 dancing weapons
  3 death yaks (Lair:4)
  9 tengu warriors
  5 centaur warriors
  4 deep troll earth magi
  68 death scarabs
  A titan zombie (Dis:7)
  3 spriggan berserkers
  2 thrashing horrors (Crypt:3)
  18 hell knights
  10 naga sharpshooters
  4 storm dragon zombies
  8 shock serpents
  4 orc high priests (Zig:12)
  10 vampire magi
  19 shadow wraiths
  29 sun demons
  11 iron golems
  22 deep elf knights
  32 soul eaters
  5 small abominations
  A ghost moth zombie (Tar:1)
  A titan skeleton (Pan)
  21 iron trolls
  A salamander mystic (Snake:3)
  51 skeletal warriors
  2 storm dragon skeletons
  A golden dragon zombie (Tomb:3)
  5 anaconda zombies
  10 deep trolls
  6 sixfirhies
  A spriggan druid (Zig:6)
  A kraken simulacrum (Hell)
  3 unseen horrors
  9 glowing orange brains
  7 shadow demons (Tar:7)
  11 flayed ghosts
  18 large abominations
  4 shambling mangroves
  13 wizards
  3 naga ritualists
  10 deep elf archers
  2 infernal demonspawn
  2 orange crystal statues
  11 orc knights
  5 ironbrand convokers
  2 swamp dragons
  2 torturous demonspawn
  2 shadow dragon zombies
  2 anaconda skeletons
  9 necromancers
  60 deep elf magi
  3 iron dragon zombies
  10 phantasmal warriors
  3 wolf spider zombies
  A mana viper (shapeshifter) (Zig:7)
  6 oklob plants (Zig:7)
  6 wolf spiders
  3 stone giant zombies
  4 orc sorcerers
  38 ugly things
  5 frost giant zombies
  2 fire giant zombies
  A shadow dragon skeleton (Coc:7)
  5 cyclopes
  A shining eye (shapeshifter) (Depths:1)
  4 mana vipers
  A salamander (shapeshifter) (Vaults:3)
  9 shining eyes
  29 moths of wrath
  7 salamanders
  2 iron dragon skeletons
  2 frost giant skeletons
  A dire elephant zombie (Dis:7)
  3 stone giant skeletons
  14 vault sentinels
  4 centaur zombies
  3 moths of wrath (shapeshifter)
  5 guardian serpents
  2 eyes of devastation (Slime:4)
  2 molten gargoyles (Geh:7)
  A water nymph (shapeshifter) (Zig:7)
  A fire giant skeleton (Hell)
  Joseph (D:7)
  3 apocalypse crabs
  6 ice statues
  12 naga magi
  17 black mambas
  38 rust devils
  18 smoke demons
  5 orange demons
  A dire elephant skeleton (Pan)
  A yaktaur zombie (Vaults:4)
  18 spiny frogs
  14 hellions
  9 komodo dragons
  6 efreet
  A spiny frog (shapeshifter) (Vaults:4)
  A storm dragon simulacrum (Coc:7)
  An emperor scorpion zombie (Dis:1)
  A sea snake zombie (Crypt:2)
  6 demonic crawlers (Pan)
  8 rime drakes
  A kobold demonologist (Crypt:1)
  A catoblepas zombie (Tar:1)
  31 freezing wraiths
  26 yaktaurs
  9 anaconda simulacra
  22 tormentors
  39 guardian mummies
  5 hellwings (Pan)
  3 meliai (D:14)
  29 ice devils
  3 polar bears
  A polar bear (shapeshifter) (Vaults:3)
  16 red devils
  11 trolls
  8 hornets
  3 harpy zombies
  4 tengu conjurers
  12 hydra zombies
  A tengu simulacrum (Depths:2)
  10 tyrant leeches
  A silent spectre (Crypt:1)
  A slime creature (shapeshifter) (Vaults:5)
  3 hydra skeletons
  A tarantella zombie (Crypt:2)
  9 blink frogs
  2 wind drakes (shapeshifter)
  10 hippogriffs
  4 ettin zombies
  A blink frog (shapeshifter) (Depths:1)
  2 fire dragon zombies
  3 alligator zombies
  5 bog bodies
  70 slime creatures
  6 dream sheep (Lair:3)
  5 ice dragon skeletons
  An elf skeleton (Depths:2)
  3 ice dragon zombies
  4 vampires
  Sigmund (D:5)
  94 flying skulls
  An alligator skeleton (Coc:4)
  2 ettin skeletons
  4 spriggans
  3 wyverns
  2 redbacks (Orc:1)
  10 air elementals
  A fire dragon skeleton (Tar:7)
  8 shadows
  7 ynoxinuls (Pan)
  A spriggan (shapeshifter) (Lair:4)
  16 humans
  A water elemental (Coc:3)
  8 neqoxecs
  31 yaks
  3 black mamba skeletons
  15 wraiths
  A chaos spawn (Pan)
  13 fire elementals
  A yak (shapeshifter) (Vaults:4)
  A dire elephant simulacrum (IceCv)
  Grum (D:8)
  15 golden eyes
  6 basilisks
  3 hungry ghosts
  9 ushabtiu
  13 vampire mosquitoes
  5 wargs
  Menkaure (D:5)
  A torturous demonspawn zombie (Crypt:1)
  2 iron troll simulacra (IceCv)
  33 nagas
  7 acid dragons
  An acid dragon (shapeshifter) (Depths:3)
  3 harpy simulacra (IceCv)
  10 water moccasins
  5 spiny frog zombies
  A soldier ant (D:13)
  6 hydra simulacra (IceCv)
  6 swamp worms
  A floating eye (Depths:4)
  A faun skeleton (Crypt:1)
  A deep troll skeleton (Crypt:1)
  A floating eye (shapeshifter) (Vaults:3)
  3 porcupines
  7 swamp drakes
  3 spiny frog skeletons
  3 phantoms
  3 snapping turtle zombies
  15 ice beasts
  2 sky beasts (D:10)
  55 hell hounds
  A swamp dragon zombie (Crypt:3)
  A black bear (D:6)
  13 necrophages
  25 orc warriors
  An alligator simulacrum (IceCv)
  3 ettin simulacra (IceCv)
  3 manticore zombies
  9 boggarts
  5 eyes of draining
  45 ogres
  5 wolves
  7 centaurs
  12 crocodiles
  A snapping turtle skeleton (Coc:4)
  4 big kobolds
  An elf zombie (Tomb:1)
  Blork the orc (D:5)
  16 bullfrogs
  A fire crab zombie (Crypt:2)
  A komodo dragon skeleton (Crypt:2)
  6 earth elementals
  6 scorpions
  An elf simulacrum (Vaults:1)
  A swamp dragon simulacrum (IceCv)
  24 wights
  A snapping turtle simulacrum (Crypt:1)
  2 howler monkeys (D:9)
  The ghost of p0werm0de the Firebug, a weakling DrFE (D:3)
  2 electric eels (Lair:6)
  2 troll skeletons
  5 crimson imps
  2 starcursed masses (Abyss:5)
  2 human zombies (Dis:7)
  A draconian simulacrum (IceCv)
  3 hounds
  A bullfrog zombie (D:12)
  20 orc priests
  7 centaur skeletons
  A gnoll shaman (Orc:1)
  10 jellies
  A basilisk skeleton (Crypt:1)
  A bullfrog skeleton (D:5)
  23 iron imps
  9 iguanas
  17 orc wizards
  15 hell rats (Hell)
  2 spriggan simulacra (IceCv)
  5 troll simulacra (IceCv)
  8 worker ants
  A wolf simulacrum (IceCv)
  A hound skeleton (D:8)
  38 mummies
  A howler monkey zombie (D:5)
  11 gnolls
  2 naga simulacra (IceCv)
  10 adders
  2 ogre simulacra (IceCv)
  11 shadow imps
  A steam dragon skeleton (Crypt:1)
  11 white imps
  9 ufetubi (IceCv)
  An ooze (D:5)
  An adder skeleton (D:8)
  2 worms
  2 dart slugs
  5 leopard geckos
  81 orcs
  A ball python (D:5)
  5 bats
  4 giant cockroaches
  11 goblins
  4 hobgoblins
  2 jackals (D:5)
  2 quokkas
  6 frilled lizards
  A jackal skeleton (Crypt:2)
  A jackal zombie (D:5)
  20 kobolds
  A kobold skeleton (Geh:6)
  A leopard gecko zombie (D:5)
  An orc simulacrum (Hell)
  An orc skeleton (Coc:7)
  2 quokka skeletons
  6 rats
  29 briar patches
  5 crawling corpses
  2 fungi
  2 plants
  A starspawn tentacle (Abyss:5)
3307 creatures vanquished.

Vanquished Creatures (collateral kills)
  Dissolution (Slime:5)
  A juggernaut (Depths:5)
  3 greater mummies
  the Lernaean hydra (Swamp:4)
  Bai Suzhen (Vaults:3)
  Saint Roka (Elf:3)
  A caustic shrike (Depths:1)
  2 golden dragons
  A bone dragon (Depths:5)
  A Tzitzimitl (Tar:7)
  An iron giant (Dis:7)
  3 tentacled monstrosities
  2 Ice Fiends (Coc:7)
  2 Hell Sentinels (Dis:7)
  7 Orb Guardians (Zot:5)
  3 quicksilver dragons
  A deep elf blademaster (Elf:3)
  A titan (Vaults:5)
  An acid blob (Slime:5)
  An ancient champion (Dis:4)
  A thorn hunter (Swamp:3)
  4 sphinxes
  2 tengu reavers
  3 storm dragons
  3 shadow dragons
  6 nagarajas
  Roxanne (Swamp:2)
  A draconian monk (Zot:1)
  2 fire giants
  3 frost giants
  2 draconian knights
  2 iron dragons (Dis:7)
  5 cacodemons (Pan)
  A draconian shifter (Zot:1)
  2 deep elf sorcerers (Elf:3)
  3 vault wardens
  2 draconian stormcallers
  A balrug (Hell)
  A deep elf elementalist (Elf:3)
  6 ironheart preservers
  5 reapers
  15 very ugly things
  2 stone giants
  A bennu (Tomb:2)
  A green draconian (Zot:1)
  3 black draconians
  2 deep elf demonologists
  A yellow draconian (Zot:2)
  3 deep elf annihilators
  2 white draconians (Depths:5)
  2 red draconians
  3 ettins
  5 deep elf death magi (Elf:3)
  2 mummy priests
  2 green deaths
  6 fire dragons
  8 vault guards
  Erolcha (Orc:2)
  5 yaktaur captains
  2 ghost crabs
  2 quicksilver dragon skeletons
  3 rakshasas
  12 hydras
  12 naga warriors
  3 anacondas
  5 ice dragons
  5 ogre magi
  2 dancing weapons
  2 death yaks (Lair:4)
  19 two-headed ogres
  2 deep troll shamans
  An alligator (Swamp:2)
  3 centaur warriors
  2 deep troll earth magi
  28 death scarabs
  A hell hog (Depths:4)
  7 naga sharpshooters
  7 soul eaters
  2 tengu warriors
  A spriggan berserker (Depths:1)
  3 sun demons (Hell)
  A titan skeleton (Depths:2)
  5 shock serpents
  3 iron trolls
  A storm dragon zombie (Coc:7)
  A shadow wraith (Depths:1)
  3 deep elf knights
  6 sixfirhies (Pan)
  4 skeletal warriors
  A deep troll (shapeshifter) (Elf:1)
  2 naga ritualists
  A spriggan druid (Swamp:4)
  An unseen horror (Depths:1)
  5 deep trolls
  2 glowing orange brains
  6 deep elf archers
  13 swamp dragons
  2 small abominations
  2 shambling mangroves
  An ironbrand convoker (Vaults:5)
  A wolf spider zombie (Dis:7)
  2 wizards
  2 orc knights
  4 large abominations (Pan)
  2 necromancers
  13 deep elf magi
  5 mana vipers
  A stone giant zombie (Dis:7)
  A wolf spider (Vaults:3)
  2 shining eyes
  8 ugly things
  4 moths of wrath
  5 salamanders
  An elephant (shapeshifter) (Vaults:5)
  A stone giant skeleton (Coc:7)
  A guardian serpent (shapeshifter) (Vaults:1)
  A fire giant skeleton (Tar:7)
  5 vault sentinels
  2 rust devils
  10 black mambas
  A guardian serpent (Snake:1)
  An eye of devastation (Slime:3)
  2 smoke demons (Pan)
  23 naga magi
  9 spiny frogs
  3 orange demons (Pan)
  3 freezing wraiths
  A ghost moth simulacrum (Tomb:3)
  9 yaktaurs
  A demonic crawler (Depths:1)
  2 komodo dragons
  4 guardian mummies (Tomb:3)
  3 ice devils
  A tormentor (Tar:7)
  2 tengu conjurers
  A hellwing (Lair:6)
  A troll (Orc:2)
  2 hydra zombies (Coc:7)
  11 hornets
  6 tyrant leeches
  11 blink frogs
  24 slime creatures
  A fire giant simulacrum (Depths:2)
  An ettin zombie (Dis:7)
  A bog body (Swamp:4)
  A dream sheep (Lair:3)
  A hippogriff (Lair:5)
  A fire dragon skeleton (Coc:7)
  2 ice dragon skeletons (Coc:7)
  An air elemental (Depths:3)
  3 flying skulls (Tomb:3)
  A yak (D:9)
  A water elemental (Coc:7)
  A wraith (Coc:7)
  A hungry ghost (Coc:7)
  3 spriggans
  2 basilisks (Lair:2)
  4 fire elementals
  A golden eye (Slime:5)
  3 chaos spawn
  A black mamba skeleton (Coc:7)
  4 swamp worms
  2 wargs (Vaults:4)
  4 vampire mosquitoes
  4 insubstantial wisps
  29 nagas
  6 hell hounds
  A merfolk skeleton (Coc:7)
  A deep troll skeleton (Vaults:4)
  3 ice beasts
  8 orc warriors
  8 swamp drakes
  2 phantoms
  An eye of draining (Slime:5)
  2 necrophages (Tar:7)
  10 ogres
  A human skeleton (Vaults:4)
  A centaur (Vaults:3)
  5 wolves (Lair:6)
  3 bullfrogs
  A wight (D:9)
  2 electric eels (Lair:6)
  2 orc priests
  2 orc wizards
  4 hell rats
  2 iguanas
  A worker ant (D:9)
  3 mummies
  An adder (D:11)
  A white imp (Coc:7)
  An ooze (D:7)
  3 worms
  8 orcs
  A bat zombie (Crypt:1)
  A giant cockroach (Depths:1)
  3 goblins
  6 kobolds
  2 rats (D:8)
  3 crawling corpses
  2 fungi (Lair:5)
  A plant (Lair:4)
706 creatures vanquished.

Vanquished Creatures (others)
  A deep elf master archer (Elf:3)
  A quicksilver dragon (Zot:3)
  2 eldritch tentacles (Dis:7)
  An elemental wellspring (Coc:7)
  A bennu (Tomb:2)
  A very ugly thing (Depths:5)
  A blood saint (Zig:9)
  A vampire knight (Crypt:3)
  A white draconian (Zot:1)
  A mummy priest (Tomb:1)
  A centaur warrior (D:14)
  9 death scarabs (Tomb:3)
  A soul eater (Tar:7)
  A hell knight (Vaults:5)
  A skeletal warrior (Tomb:2)
  A spriggan druid (Swamp:3)
  A deep troll (Depths:3)
  A deep elf mage (Elf:3)
  2 ugly things
  A stone giant zombie (Crypt:1)
  A moth of wrath (Zot:5)
  A cyclops (D:13)
  A rust devil (Dis:6)
  A naga mage (Snake:4)
  2 spiny frogs
  2 yaktaurs
  2 demonic crawlers (Pan)
  A guardian mummy (Crypt:3)
  7 slime creatures
  A fire giant simulacrum (Tomb:3)
  6 flying skulls
  A yak (Lair:6)
  3 wraiths
  A human (Crypt:1)
  A black mamba skeleton (Pan)
  4 hell hounds
  2 swamp worms (Swamp:3)
  2 water moccasins
  A torturous demonspawn skeleton (Crypt:1)
  A merfolk skeleton (Crypt:2)
  An eye of draining (Slime:3)
  A snapping turtle zombie (Dis:6)
  A phantom (D:13)
  6 mummies
  An adder (D:11)
  A ball lightning (Pan)
  2 orcs
  A briar patch (Swamp:3)
  A bush (Lair:6)
  9 fungi
  A lurking horror (Abyss:5)
  13 plants
  3 starspawn tentacles (Abyss:5)
  8 tentacles
120 creatures vanquished.

Grand Total: 4133 creatures vanquished

Notes
Turn   | Place    | Note
-------+----------+-------------------------------------------
     0 | D:1      | Television the Tengu Necromancer began the quest for the Orb.
     0 | D:1      | Reached XP level 1. HP: 10/10 MP: 4/4
   354 | D:1      | Reached skill level 1 in Fighting
   354 | D:1      | Reached XP level 2. HP: 15/16 MP: 4/6
   521 | D:2      | Learned a level 1 spell: Animate Skeleton
   744 | D:2      | Reached XP level 3. HP: 12/20 MP: 4/7
   963 | D:2      | Found a hide-covered altar of Uskayaw.
  1034 | D:2      | Reached skill level 5 in Necromancy
  1257 | D:2      | Learned a level 3 spell: Vampiric Draining
  1297 | D:3      | Noticed p0werm0de's ghost (weakling DrFE)
  1783 | D:3      | Found an ornate altar of the Wu Jian Council.
  1805 | D:3      | Reached XP level 4. HP: 17/26 MP: 3/8
  2471 | D:3      | Gained mutation: You can fly. [Tengu growth]
  2471 | D:3      | Reached XP level 5. HP: 28/31 MP: 4/9
  2557 | D:3      | Found a burning altar of Makhleb.
  2789 | D:4      | Learned a level 3 spell: Regeneration
  2899 | D:4      | Reached XP level 6. HP: 27/37 MP: 7/11
  3051 | D:4      | Reached skill level 6 in Necromancy
  3115 | D:4      | Found a shadowy altar of Dithmenos.
  3175 | D:4      | Found a burning altar of Makhleb.
  3175 | D:4      | Noticed an Executioner
  3178 | D:4      | Noticed a neqoxec
  3178 | D:4      | Noticed a hellwing
  3288 | D:4      | Found a basalt altar of Yredelemnul.
  3733 | D:5      | Entered Level 5 of the Dungeon
  3760 | D:5      | Noticed an ice beast
  3824 | D:5      | Killed an ice beast
  3824 | D:5      | Reached skill level 1 in Maces & Flails
  3824 | D:5      | Reached XP level 7. HP: 39/43 MP: 4/13
  4074 | D:5      | Noticed Blork the orc
  4084 | D:5      | Killed Blork the orc
  4188 | D:5      | Noticed Menkaure
  4209 | D:5      | Noticed Sigmund
  4215 | D:5      | Killed Sigmund
  4215 | D:5      | Reached skill level 5 in Fighting
  4215 | D:5      | Reached skill level 7 in Necromancy
  4215 | D:5      | Reached XP level 8. HP: 41/49 MP: 9/14
  4264 | D:5      | Learned a level 5 spell: Borgnjor's Vile Clutch
  4320 | D:5      | Found a glowing golden altar of the Shining One.
  4798 | D:6      | Reached skill level 1 in Earth Magic
  4816 | D:6      | Reached skill level 1 in Evocations
  4994 | D:6      | Identified Mepni's Disquisition on Damaging Black Secrets
  5370 | D:6      | Reached skill level 8 in Necromancy
  5597 | D:6      | Reached skill level 5 in Maces & Flails
  5597 | D:6      | Reached XP level 9. HP: 46/54 MP: 15/15
  5828 | D:6      | Found Ziyngif's Book Shoppe.
  6119 | D:7      | Found Ruqiraetz's Gadget Shoppe.
  6156 | D:7      | Bought a wand of iceblast (9) for 130 gold pieces
  6156 | D:7      | Bought a wand of disintegration (11) for 150 gold pieces
  6458 | D:7      | Noticed Joseph
  6471 | D:7      | Killed Joseph
  6653 | D:7      | Found a white marble altar of Elyvilon.
  6724 | D:7      | Found a staircase to the Ecumenical Temple.
  6730 | Temple   | Entered the Ecumenical Temple
  6736 | Temple   | Became a worshipper of Kikubaaqudgha
  6784 | D:8      | Reached skill level 9 in Necromancy
  7194 | D:8      | Reached XP level 10. HP: 49/59 MP: 1/17
  7217 | D:8      | Found a staircase to the Lair.
  7323 | D:8      | Learned a level 2 spell: Corpse Rot
  7340 | D:8      | Reached * piety under Kikubaaqudgha
  7340 | D:8      | Identified Kikubaaqudgha's Compendium of Unholy Arts (Kikubaaqudgha gifted it to you on level 8 of the Dungeon)
  7340 | D:8      | Received a gift from Kikubaaqudgha
  7452 | D:8      | Noticed a moth of wrath
  7455 | D:8      | Found a bloodstained altar of Trog.
  7484 | D:8      | Noticed Grum
  7500 | D:8      | Killed Grum
  7705 | D:8      | Found Xecoomaf's Antique Weapon Shop.
  7768 | D:8      | Noticed a two-headed ogre
  7823 | D:8      | Killed a two-headed ogre
  7823 | D:8      | Reached skill level 5 in Spellcasting
  7823 | D:8      | Reached skill level 10 in Necromancy
  8303 | D:9      | Learned a level 4 spell: Animate Dead
  8347 | D:9      | Reached skill level 5 in Earth Magic
  8807 | D:9      | Reached ** piety under Kikubaaqudgha
  8826 | D:9      | Found a staircase to the Orcish Mines.
  9051 | D:9      | Reached XP level 11. HP: 51/64 MP: 13/21
  9105 | D:9      | Found Xydiapn's Antique Armour Shop.
  9112 | D:9      | Bought a sapphire-studded leather armour for 175 gold pieces
  9122 | D:9      | Identified the +3 leather armour of the Moon {rN+ MR+} (You bought it in a shop on level 9 of the Dungeon)
  9443 | D:10     | Entered Level 10 of the Dungeon
  9837 | D:10     | Found a viscous altar of Jiyva.
 10100 | D:10     | Reached skill level 11 in Necromancy
 10139 | D:10     | Learned a level 3 spell: Spectral Weapon
 10141 | D:10     | Got an ancient flail
 10142 | D:10     | Identified the +6 flail of Kesaps {distort, Int+6} (You found it on level 10 of the Dungeon)
 10272 | D:10     | Found Faongim's Weapon Shop.
 10338 | D:9      | Bought a pair of runed gloves for 187 gold pieces
 10388 | Lair:1   | Entered Level 1 of the Lair of Beasts
 10388 | Lair:1   | Noticed a four-headed hydra
 10399 | Lair:1   | Killed a four-headed hydra
 10413 | Lair:1   | Reached *** piety under Kikubaaqudgha
 10413 | Lair:1   | Identified Kikubaaqudgha's Collected Works on Black Arts (Kikubaaqudgha gifted it to you on level 1 of the Lair of Beasts)
 10413 | Lair:1   | Received a gift from Kikubaaqudgha
 10534 | Lair:1   | Found a sacrificial altar of Ru.
 10804 | Lair:1   | Noticed Fannar
 10816 | Lair:1   | Killed Fannar
 11008 | Lair:2   | Reached skill level 5 in Dodging
 11219 | Lair:2   | Got a pair of jewelled gloves
 11230 | Lair:2   | Identified the +1 pair of gloves "Wussebro" {rF+ rN+ Dex+5} (You found it on level 2 of the Lair of Beasts)
 11766 | Lair:2   | Reached skill level 12 in Necromancy
 11766 | Lair:2   | Reached XP level 12. HP: 47/72 MP: 15/22
 12374 | Lair:3   | Found a staircase to the Swamp.
 12439 | Lair:3   | Reached **** piety under Kikubaaqudgha
 12899 | Lair:3   | Noticed Rupert
 12912 | Lair:3   | Killed Rupert
 12912 | Lair:3   | Reached skill level 13 in Necromancy
 13773 | Lair:4   | Noticed a death yak
 13773 | Lair:4   | Noticed a death yak
 13831 | Lair:4   | Noticed a death yak
 14048 | Lair:4   | Reached skill level 1 in Shields
 14069 | Lair:4   | Found a staircase to the Snake Pit.
 14334 | Lair:4   | Noticed a death yak
 14335 | Lair:4   | Noticed a death yak
 14350 | Lair:4   | Killed a death yak
 14351 | Lair:4   | Killed a death yak
 14656 | Lair:4   | Killed a death yak
 14658 | Lair:4   | Killed a death yak
 14658 | Lair:4   | Reached XP level 13. HP: 82/82 MP: 7/23
 14740 | Lair:5   | Reached skill level 10 in Fighting
 14740 | Lair:5   | Reached skill level 5 in Shields
 15050 | Lair:5   | Got a distressingly furry ring mail
 15061 | Lair:5   | Identified the +4 ring mail of Vlad {rC+ rCorr Str-5} (You found it on level 5 of the Lair of Beasts)
 15077 | Lair:5   | Found a viscous altar of Jiyva.
 15077 | Lair:5   | Found a staircase to the Slime Pits.
 15362 | Lair:6   | Entered Level 6 of the Lair of Beasts
 15931 | Lair:6   | Reached ***** piety under Kikubaaqudgha
 16975 | Lair:6   | Noticed a dire elephant
 16991 | Lair:6   | Killed a dire elephant
 17298 | Lair:6   | Gained mutation: You can fly continuously. [Tengu growth]
 17298 | Lair:6   | Reached XP level 14. HP: 88/91 MP: 15/24
 17576 | Orc:1    | Entered Level 1 of the Orcish Mines
 17746 | Orc:2    | Entered Level 2 of the Orcish Mines
 17746 | Orc:2    | Found a staircase to the Elven Halls.
 18131 | Orc:1    | You are sucked into a shaft!
 18391 | Orc:2    | Found Coidiffe's General Store.
 18391 | Orc:2    | Found Makir's Assorted Antiques.
 18391 | Orc:2    | Found Uvuuv Fanu's Antique Armour Shop.
 18391 | Orc:2    | Found Huutruji's Armour Emporium.
 18394 | Orc:2    | Reached skill level 14 in Necromancy
 18431 | Orc:2    | Noticed Erolcha
 18559 | Orc:2    | Bought a +2 buckler of protection for 279 gold pieces
 18571 | Orc:2    | Bought a scroll of acquirement for 676 gold pieces
 18571 | Orc:2    | Bought a scroll of teleportation for 39 gold pieces
 18573 | Orc:2    | Bought a scroll of enchant armour for 97 gold pieces
 18573 | Orc:2    | Bought a potion of curing for 39 gold pieces
 18574 | Orc:2    | Bought a fizzy white potion for 27 gold pieces
 18574 | Orc:2    | Bought a silver wand for 124 gold pieces
 18574 | Orc:2    | Bought a leatherbound book for 465 gold pieces
 18574 | Orc:2    | Bought a potion of curing for 93 gold pieces
 18574 | Orc:2    | Bought a fizzy white potion for 27 gold pieces
 18574 | Orc:2    | Bought crude fire dragon scales for 2015 gold pieces
 18577 | Orc:2    | Bought a scroll of identify for 26 gold pieces
 18662 | Orc:2    | Killed Erolcha
 19343 | D:6      | Bought a book of Party Tricks for 600 gold pieces
 19345 | D:6      | Learned a level 1 spell: Apportation
 19461 | Orc:2    | Learned a level 5 spell: Dispel Undead
 20075 | D:11     | Reached skill level 15 in Necromancy
 20139 | D:11     | Reached ****** piety under Kikubaaqudgha
 20149 | D:11     | Received a gift from Kikubaaqudgha
 20347 | D:12     | Found the +8 frozen axe "Frostbite" {freezing cloud, *Noise +Fly rC+}
 20359 | D:12     | Reached XP level 15. HP: 98/98 MP: 22/28
 20484 | D:12     | Learned a level 3 spell: Ozocubu's Armour
 20901 | D:12     | Identified the +12 fire dragon scales "Haenofeg" {rF++ rC- Dex+4} (You bought it in a shop on level 2 of the Orcish Mines)
 21205 | D:13     | Reached skill level 1 in Armour
 21445 | D:13     | Found Kojifoll's Antique Armour Shop.
 22397 | D:14     | Found a gate to the Vaults.
 22397 | D:14     | Noticed Nessos
 22494 | D:15     | Entered Level 15 of the Dungeon
 23810 | D:15     | Found a staircase to the Depths.
 24660 | D:14     | Reached skill level 10 in Spellcasting
 24784 | D:14     | Reached skill level 16 in Necromancy
 24873 | D:14     | Killed Nessos
 25307 | D:14     | Found Jauhupti's Gadget Boutique.
 25312 | D:14     | Bought a wand of acid (3) for 210 gold pieces
 25312 | D:14     | Bought a wand of disintegration (12) for 240 gold pieces
 25355 | D:14     | Found a sacrificial altar of Ru.
 25717 | D:14     | Reached XP level 16. HP: 101/105 MP: 16/31
 25722 | D:14     | Reached skill level 5 in Evocations
 25939 | D:9      | Bought a faintly glowing leather armour for 175 gold pieces
 25939 | D:9      | Bought a fine ring mail for 225 gold pieces
 25950 | D:9      | Identified the +2 leather armour "Ecsi" {+Inv} (You bought it in a shop on level 9 of the Dungeon)
 25963 | D:9      | Identified the +4 ring mail of the Enchanted Forest {rCorr Int+4} (You bought it in a shop on level 9 of the Dungeon)
 26078 | Swamp:1  | Entered Level 1 of the Swamp
 27071 | Swamp:2  | Noticed Roxanne
 27213 | Swamp:1  | Learned a level 8 spell: Infestation
 27625 | Swamp:2  | Noticed a thorn hunter
 27631 | Swamp:2  | Killed a thorn hunter
 27662 | Swamp:2  | Noticed a thorn hunter
 27670 | Swamp:2  | Killed a thorn hunter
 27917 | Swamp:2  | Noticed a tentacled monstrosity
 28151 | Swamp:2  | Killed Roxanne
 28870 | Swamp:3  | Noticed a thorn hunter
 28882 | Swamp:3  | Killed a thorn hunter
 28953 | Swamp:3  | Noticed HungrySpirit's ghost (adept MiGl)
 28961 | Swamp:3  | Killed HungrySpirit's ghost
 29116 | Swamp:3  | Reached skill level 17 in Necromancy
 29547 | Swamp:4  | Entered Level 4 of the Swamp
 29556 | Swamp:4  | Learned a level 2 spell: Blink
 29684 | Swamp:4  | Reached skill level 1 in Translocations
 29791 | Swamp:4  | Noticed the 27-headed Lernaean hydra
 29793 | Swamp:4  | Killed the 27-headed Lernaean hydra
 29889 | Swamp:4  | Reached XP level 17. HP: 110/110 MP: 21/34
 29895 | Swamp:4  | Found the +1 cloak of Starlight {rElec rC+ EV+4 Stlth--}
 29912 | Swamp:4  | Got a decaying rune of Zot
 30286 | Snake:1  | Entered Level 1 of the Snake Pit
 30609 | Elf:1    | Entered Level 1 of the Elven Halls
 31535 | Elf:1    | Reached skill level 10 in Evocations
 31700 | Elf:1    | Got a faintly glowing scimitar
 31965 | Orc:2    | Learned a level 5 spell: Bolt of Draining
 32361 | Elf:2    | Reached skill level 1 in Conjurations
 32423 | Elf:2    | Found a runed gate.
 32423 | Elf:2    | Found a runed gate.
 32423 | Elf:2    | Found a runed gate.
 32949 | Elf:2    | Found Qall's Book Shop.
 32981 | Elf:2    | Found Kag Kisch's Armour Shoppe.
 33032 | Elf:2    | Found an ancient bone altar of Kikubaaqudgha.
 33111 | Elf:2    | Reached skill level 5 in Conjurations
 34209 | Elf:2    | Reached XP level 18. HP: 115/115 MP: 24/36
 34307 | Elf:3    | Entered Level 3 of the Elven Halls
 34307 | Elf:3    | Noticed Saint Roka
 34314 | Elf:3    | Killed Saint Roka
 34345 | Elf:3    | Noticed a deep elf master archer
 34346 | Elf:3    | Noticed a deep elf blademaster
 34353 | Elf:3    | Killed a deep elf blademaster
 34362 | Elf:3    | Killed a deep elf master archer
 34362 | Elf:3    | Reached skill level 10 in Conjurations
 34369 | Elf:3    | Noticed a deep elf blademaster
 34404 | Elf:2    | Killed a deep elf blademaster
 35122 | Elf:3    | Found the +10 dark maul {crush}
 35198 | Elf:3    | Learned a level 4 spell: Summon Lightning Spire
 35220 | Elf:3    | Reached skill level 1 in Air Magic
 35451 | Elf:3    | Identified the Grimoire of the Earthen Birds
 35485 | Elf:3    | Identified the Incunabulum of the Snowflakes
 35556 | Elf:3    | Identified the ring "Pyqekutoa" {Ice +Inv Dex+4 Slay+3} (You found it on level 3 of the Elven Halls)
 35766 | Elf:3    | Noticed a deep elf master archer
 35784 | Elf:3    | Killed a deep elf master archer
 35974 | Elf:3    | Got a translucent trident
 36211 | Vaults:1 | Entered Level 1 of the Vaults
 36267 | Vaults:1 | Reached skill level 5 in Air Magic
 37325 | Vaults:1 | Reached skill level 1 in Summonings
 37431 | Vaults:1 | Reached XP level 19. HP: 88/119 MP: 5/38
 37858 | Vaults:1 | Found Ywozat Ywebb's Book Emporium.
 38971 | Vaults:2 | Found a gateway to a bazaar.
 39764 | Bazaar   | Entered a bazaar
 39766 | Bazaar   | Found Juso's General Store.
 39770 | Bazaar   | Found Vediopocs's Antique Weapon Boutique.
 39770 | Bazaar   | Found Qiegack's Assorted Antiques.
 39771 | Bazaar   | Found Daylagg's General Store.
 39785 | Bazaar   | Bought a murky golden potion for 20 gold pieces
 39785 | Bazaar   | Bought a scroll of identify for 46 gold pieces
 39785 | Bazaar   | Bought a coppery potion for 20 gold pieces
 39785 | Bazaar   | Bought a scroll of teleportation for 69 gold pieces
 39785 | Bazaar   | Bought a lumpy amethyst potion for 20 gold pieces
 39810 | Bazaar   | Bought a scroll of fear for 49 gold pieces
 39815 | Bazaar   | Bought a scroll of enchant armour for 75 gold pieces
 40328 | Vaults:3 | Noticed Bai Suzhen
 40348 | Vaults:3 | Killed Bai Suzhen
 40719 | Vaults:3 | Reached skill level 18 in Necromancy
 41208 | Vaults:3 | Noticed Asterion
 41214 | Vaults:3 | Killed Asterion
 41332 | Vaults:3 | Noticed Jorgrun
 41336 | Vaults:3 | Killed Jorgrun
 41539 | Vaults:3 | Reached XP level 20. HP: 125/125 MP: 26/39
 41541 | Vaults:3 | Found a staircase to the Crypt.
 41736 | Vaults:3 | Got a bloodstained hat
 41742 | Vaults:3 | Identified the +2 hat of the Final Coins {Slay+2} (You found it on level 3 of the Vaults)
 41799 | Vaults:3 | Found a radiant altar of Vehumet.
 41801 | Vaults:3 | Reached skill level 15 in Spellcasting
 41861 | Vaults:3 | Got a dull robe
 41873 | Vaults:3 | Identified the +4 robe of Polytheism {-Tele +Fly Int+2 SInv} (You found it on level 3 of the Vaults)
 41924 | Vaults:3 | Got a tattered robe
 41935 | Vaults:3 | Identified the +1 robe of Entitlement {Str+4} (You found it on level 3 of the Vaults)
 41947 | Vaults:3 | Got a brightly glowing hat
 41953 | Vaults:3 | Identified the +2 hat "Zecwow" {Str+3} (You found it on level 3 of the Vaults)
 42755 | Vaults:4 | Reached skill level 19 in Necromancy
 42982 | Vaults:4 | Got a brightly glowing steel amulet
 43045 | Vaults:4 | Identified the amulet of the Oligarchy {RegenMP rElec rF- Int+3} (You acquired it on level 4 of the Vaults)
 43100 | Vaults:4 | Reached skill level 5 in Armour
 44010 | D:5      | Killed Menkaure
 44082 | D:3      | Killed p0werm0de's ghost
 44487 | Snake:1  | Got a transparent platinum amulet
 44737 | Snake:1  | Found Gupuekh's Gadget Shoppe.
 44739 | Snake:1  | Found Pipuxet's Jewellery Shop.
 44740 | Snake:1  | Found Nuheuwudu's Gadget Shoppe.
 44761 | Snake:1  | Identified the amulet "Jasaloce" {rElec Regen+ MP+9} (You acquired it on level 1 of the Snake Pit)
 44767 | Snake:1  | Bought a wand of acid (8) for 408 gold pieces
 44769 | Snake:1  | Bought a wand of paralysis (15) for 289 gold pieces
 44769 | Snake:1  | Bought a wand of paralysis (17) for 323 gold pieces
 45254 | Snake:2  | Noticed Vashnia
 45259 | Snake:2  | Noticed Agnes
 45267 | Snake:2  | Killed Agnes
 45272 | Snake:2  | Killed Vashnia
 45495 | Snake:2  | Found Fap Yniucsi's Antique Weapon Shop.
 45954 | Snake:3  | Noticed Aizul
 45960 | Snake:3  | Killed Aizul
 45975 | Snake:3  | Found Reothy's Magic Scroll Emporium.
 45999 | Snake:3  | Bought a scroll of blinking for 82 gold pieces
 45999 | Snake:3  | Bought a scroll of teleportation for 33 gold pieces
 45999 | Snake:3  | Bought a scroll of immolation for 38 gold pieces
 45999 | Snake:3  | Bought a scroll of teleportation for 33 gold pieces
 45999 | Snake:3  | Bought a scroll of magic mapping for 38 gold pieces
 45999 | Snake:3  | Bought a scroll of identify for 22 gold pieces
 46087 | Snake:3  | Reached XP level 21. HP: 131/131 MP: 12/42
 46117 | Snake:3  | Found a frozen archway.
 46124 | Snake:3  | Identified the cursed +2 trident of Armageddon {flame, rElec} (You found it on level 3 of the Elven Halls)
 46167 | IceCv    | Entered an ice cave
 47809 | Snake:4  | Entered Level 4 of the Snake Pit
 48067 | Snake:4  | Got a serpentine rune of Zot
 48410 | Snake:4  | Reached skill level 20 in Necromancy
 48948 | Elf:3    | Learned a level 6 spell: Statue Form
 49626 | Lair:6   | Found a burning altar of Makhleb.
 49648 | Lair:6   | Found a gateway to Hell.
 49744 | Slime:1  | Entered Level 1 of the Pits of Slime
 49911 | Slime:1  | Reached skill level 1 in Transmutations
 51243 | Slime:5  | Entered Level 5 of the Pits of Slime
 51366 | Slime:5  | Found a viscous altar of Jiyva.
 51369 | Slime:5  | Noticed the Royal Jelly
 51383 | Slime:5  | Noticed Dissolution
 51422 | Slime:5  | Gained mutation: You are clumsy. (Dex -2) [a shining eye]
 51629 | Slime:4  | Reached XP level 22. HP: 131/136 MP: 33/44
 52181 | Slime:4  | Gained mutation: You do not regenerate when monsters are visible. [a shining eye]
 52190 | Slime:4  | Lost mutation: You are clumsy. (Dex -2) [potion of mutation]
 52190 | Slime:4  | Lost mutation: You do not regenerate when monsters are visible. [potion of mutation]
 52190 | Slime:4  | Gained mutation: You possess an exceptional clarity of mind. [potion of mutation]
 52190 | Slime:4  | Gained mutation: Your spells are a little harder to cast, but a little more powerful. [potion of mutation]
 52190 | Slime:4  | Gained mutation: You are covered in fur. (AC +1) [potion of mutation]
 52190 | Slime:4  | Gained mutation: You are agile. (Dex +2) [potion of mutation]
 52373 | Slime:5  | Gained mutation: Your body sometimes deteriorates upon taking damage. [a shining eye]
 52374 | Slime:5  | Killed Dissolution
 52770 | Slime:5  | Killed the Royal Jelly
 52770 | Slime:5  | Reached skill level 5 in Transmutations
 53915 | Slime:5  | Found the +2 hat of the Bear Spirit {Spirit, +Rage rN+ MR++}
 53956 | Slime:5  | Learned a level 5 spell: Lee's Rapid Deconstruction
 53959 | Slime:5  | Learned a level 2 spell: Passwall
 53964 | Slime:5  | Learned a level 4 spell: Passage of Golubria
 53968 | Slime:5  | Got a bound brass ring
 53969 | Slime:5  | Identified the ring "Qejuun" {rC+ AC+3 Int+3 Dex+2 Stlth+} (You found it on level 5 of the Pits of Slime)
 54009 | Slime:5  | Got a slimy rune of Zot
 54045 | Slime:5  | Identified the +1 ring mail of Articulation {+Fly MR++} (You found it on level 5 of the Pits of Slime)
 54682 | Vaults:5 | Entered Level 5 of the Vaults
 54688 | Vaults:5 | Reached skill level 21 in Necromancy
 55639 | Vaults:5 | Identified the cursed +1 mace of Spite {vamp, +Rage rElec rPois} (You took it off an orc on level 5 of the Vaults)
 55688 | Vaults:5 | Identified the cursed +0 robe of Hamn {rF+ rC+} (You took it off a deep elf high priest on level 5 of the Vaults)
 55750 | Vaults:5 | Identified Lehudib's Incunabulum of Confrontation
 56003 | Vaults:5 | Reached XP level 23. HP: 141/141 MP: 37/46
 56756 | Vaults:5 | Reached skill level 5 in Translocations
 58180 | Vaults:5 | Found Tunyxain's Jewellery Shop.
 58716 | Vaults:5 | Got a silver rune of Zot
 58731 | Vaults:5 | Found Mepawus's Jewellery Boutique.
 58794 | Vaults:5 | Bought an uncursed ring of see invisible for 210 gold pieces
 59019 | Vaults:5 | Noticed a golden dragon
 59023 | Vaults:5 | Killed a golden dragon
 59023 | Vaults:5 | Reached skill level 10 in Dodging
 59227 | Vaults:5 | Noticed an ancient lich
 59232 | Vaults:5 | Killed an ancient lich
 59251 | Vaults:5 | Noticed a golden dragon
 59256 | Vaults:5 | Killed a golden dragon
 59348 | Crypt:1  | Entered Level 1 of the Crypt
 60003 | Crypt:1  | Reached XP level 24. HP: 141/147 MP: 16/47
 60189 | Crypt:1  | Reached XP level 25. HP: 152/152 MP: 47/47
 60245 | Crypt:1  | Reached skill level 10 in Earth Magic
 60998 | Crypt:1  | Found a runed door.
 61697 | Crypt:1  | Noticed an ancient lich
 61699 | Crypt:1  | Noticed an ancient lich
 61718 | Crypt:1  | Learned a level 6 spell: Bolt of Fire
 61746 | Crypt:1  | Killed an ancient lich
 61749 | Crypt:1  | Killed an ancient lich
 62729 | Crypt:2  | Reached skill level 1 in Fire Magic
 63518 | Crypt:3  | Entered Level 3 of the Crypt
 63610 | Crypt:3  | Noticed Mara
 63622 | Crypt:3  | Killed Mara
 63955 | Crypt:3  | Found an ancient bone altar of Kikubaaqudgha.
 64168 | Crypt:3  | Reached skill level 15 in Conjurations
 64179 | Crypt:3  | Reached skill level 5 in Fire Magic
 65046 | Crypt:3  | Reached XP level 26. HP: 157/157 MP: 32/47
 65387 | Crypt:3  | Got a wavering jade ring
 65388 | Crypt:3  | Identified the ring of Kuroatuc {rElec rC+ Int+4 Dex+3 Slay+3} (You found it on level 3 of the Crypt)
 65531 | Crypt:3  | Found a staircase to the Tomb.
 65531 | Crypt:3  | Noticed Khufu
 65543 | Crypt:3  | Killed Khufu
 65579 | Crypt:3  | Identified the Compendium of Black Arts
 65606 | Crypt:3  | Identified the Compendium of Scorching Self-Knowledge
 65659 | Tomb:1   | Entered Level 1 of the Tomb of the Ancients
 66141 | Tomb:1   | Noticed a greater mummy
 66156 | Tomb:1   | Killed a greater mummy
 66201 | Tomb:1   | Noticed a greater mummy
 66249 | Tomb:1   | Killed a greater mummy
 66301 | Tomb:1   | Noticed a greater mummy
 66304 | Tomb:1   | Killed a greater mummy
 66563 | Tomb:1   | Reached skill level 15 in Dodging
 66744 | Tomb:1   | Noticed a greater mummy
 66747 | Tomb:1   | Killed a greater mummy
 66832 | Tomb:1   | Noticed a greater mummy
 66841 | Tomb:1   | Killed a greater mummy
 67043 | Tomb:1   | Noticed a greater mummy
 67082 | Tomb:1   | Noticed a greater mummy
 67084 | Tomb:1   | Killed a greater mummy
 67089 | Tomb:1   | Killed a greater mummy
 67267 | Tomb:1   | Noticed a greater mummy
 67278 | Tomb:1   | Killed a greater mummy
 67434 | Tomb:1   | Noticed a greater mummy
 67438 | Tomb:1   | Killed a greater mummy
 67543 | Tomb:1   | Noticed a greater mummy
 67548 | Tomb:1   | Killed a greater mummy
 67614 | Tomb:1   | Noticed a greater mummy
 67614 | Tomb:1   | Noticed a greater mummy
 67691 | Tomb:1   | Killed a greater mummy
 67700 | Tomb:1   | Killed a greater mummy
 67700 | Tomb:1   | Reached skill level 10 in Fire Magic
 67906 | Tomb:1   | Noticed a greater mummy
 67912 | Tomb:1   | Killed a greater mummy
 68000 | Tomb:1   | Noticed a greater mummy
 68067 | Tomb:1   | Killed a greater mummy
 68094 | Tomb:1   | Noticed a greater mummy
 68120 | Tomb:1   | Noticed a greater mummy
 68184 | Tomb:1   | Killed a greater mummy
 68231 | Tomb:1   | Killed a greater mummy
 68231 | Tomb:1   | Reached XP level 27. HP: 103/161 MP: 3/47
 68620 | Tomb:1   | Noticed a greater mummy
 68632 | Tomb:1   | Noticed a greater mummy
 68632 | Tomb:1   | Killed a greater mummy
 68638 | Tomb:1   | Killed a greater mummy
 68640 | Tomb:1   | Noticed a greater mummy
 68659 | Tomb:1   | Killed a greater mummy
 68791 | Tomb:1   | Noticed a greater mummy
 68798 | Tomb:1   | Killed a greater mummy
 68919 | Tomb:1   | Noticed a greater mummy
 68922 | Tomb:1   | Killed a greater mummy
 68993 | Tomb:1   | Noticed a greater mummy
 69005 | Tomb:1   | Killed a greater mummy
 69414 | Tomb:3   | Entered Level 3 of the Tomb of the Ancients
 69432 | Tomb:3   | Noticed an ancient lich
 69437 | Tomb:3   | Noticed an ancient lich
 69442 | Tomb:3   | Noticed a greater mummy
 69451 | Tomb:2   | Killed an ancient lich
 69452 | Tomb:2   | Banished an ancient lich
 69596 | Tomb:3   | Noticed a greater mummy
 69600 | Tomb:3   | Found the +10 mace of Variability {chaos}
 69616 | Tomb:3   | Killed a greater mummy
 69649 | Tomb:2   | Killed a greater mummy
 69817 | Tomb:3   | Noticed a greater mummy
 69827 | Tomb:3   | Killed a greater mummy
 69834 | Tomb:3   | Noticed a greater mummy
 69834 | Tomb:3   | Lost mutation: You are covered in fur. (AC +1) [the power of Zot]
 69839 | Tomb:3   | Gained mutation: You are frail. (-10% HP) [the power of Zot]
 69839 | Tomb:3   | Gained mutation: You are dopey. (Int -2) [the power of Zot]
 69841 | Tomb:3   | Paralysed by the power of Zot for 2 turns
 69841 | Tomb:3   | Killed a greater mummy
 69858 | Tomb:3   | Noticed a greater mummy
 70066 | Tomb:2   | Lost mutation: You are agile. (Dex +2) [potion of mutation]
 70066 | Tomb:2   | Lost mutation: Your body sometimes deteriorates upon taking damage. [potion of mutation]
 70066 | Tomb:2   | Lost mutation: Your spells are a little harder to cast, but a little more powerful. [potion of mutation]
 70066 | Tomb:2   | Lost mutation: You possess an exceptional clarity of mind. [potion of mutation]
 70066 | Tomb:2   | Gained mutation: You are clumsy. (Dex -2) [potion of mutation]
 70066 | Tomb:2   | Gained mutation: Your body sometimes deteriorates upon taking damage. [potion of mutation]
 70066 | Tomb:2   | Gained mutation: You are very clumsy. (Dex -4) [potion of mutation]
 70066 | Tomb:2   | Gained mutation: Your spells are a little harder to cast, but a little more powerful. [potion of mutation]
 70067 | Tomb:2   | Lost mutation: You are frail. (-10% HP) [potion of mutation]
 70067 | Tomb:2   | Lost mutation: Your spells are a little harder to cast, but a little more powerful. [potion of mutation]
 70067 | Tomb:2   | Gained mutation: You tend to lose your temper in combat. [potion of mutation]
 70067 | Tomb:2   | Gained mutation: You are weak. (Str -2) [potion of mutation]
 70067 | Tomb:2   | Gained mutation: You are resistant to hostile enchantments. (MR+) [potion of mutation]
 70067 | Tomb:2   | Gained mutation: You are partially covered in iridescent scales. (AC +2) [potion of mutation]
 70068 | Tomb:2   | Lost mutation: You are dopey. (Int -2) [potion of mutation]
 70068 | Tomb:2   | Lost mutation: Your body sometimes deteriorates upon taking damage. [potion of mutation]
 70068 | Tomb:2   | Lost mutation: You are very clumsy. (Dex -4) [potion of mutation]
 70068 | Tomb:2   | Gained mutation: You are partially covered in rugged brown scales. (AC +1, +3% HP) [potion of mutation]
 70069 | Tomb:2   | Lost mutation: You are weak. (Str -2) [potion of mutation]
 70069 | Tomb:2   | Lost mutation: You tend to lose your temper in combat. [potion of mutation]
 70069 | Tomb:2   | Lost mutation: You are partially covered in iridescent scales. (AC +2) [potion of mutation]
 70069 | Tomb:2   | Lost mutation: You are clumsy. (Dex -2) [potion of mutation]
 70069 | Tomb:2   | Gained mutation: You are partially covered in slimy green scales. (AC +2) [potion of mutation]
 70069 | Tomb:2   | Gained mutation: Your mind is acute. (Int +2) [potion of mutation]
 70069 | Tomb:2   | Gained mutation: You possess an exceptional clarity of mind. [potion of mutation]
 70108 | Tomb:3   | Killed a greater mummy
 70188 | Tomb:3   | Identified Sif Muna's Catalogue of Fetching Changing
 70195 | Tomb:3   | Identified the Compendium of Cold and Fire
 70564 | Tomb:3   | Noticed a greater mummy
 70575 | Tomb:3   | Killed a greater mummy
 70705 | Tomb:3   | Got a golden rune of Zot
 71756 | Crypt:3  | Gained mutation: Armour fits poorly on your strangely shaped body. [mutagenic glow]
 72376 | Crypt:3  | Cast into level 5 of the Abyss (a distortion unwield)
 72376 | Abyss:5  | Entered Level 5 of the Abyss
 72376 | Abyss:5  | Found a radiant altar of Vehumet.
 72377 | Abyss:5  | Found a corrupted altar of Lugonu.
 72377 | Abyss:5  | Found a corrupted altar of Lugonu.
 72437 | Abyss:5  | Got an abyssal rune of Zot
 72449 | Abyss:5  | Found a corrupted altar of Lugonu.
 72473 | Crypt:3  | Escaped the Abyss
 72768 | Depths:1 | Entered Level 1 of the Depths
 72863 | Depths:1 | Found a one-way gate leading to the halls of Pandemonium.
 72968 | Vaults:1 | Learned a level 6 spell: Iron Shot
 73273 | Depths:1 | Reached skill level 10 in Air Magic
 73841 | Depths:1 | Found a runed gate.
 73842 | Depths:1 | Found a runed gate.
 73843 | Depths:1 | Found a runed gate.
 74620 | Depths:2 | Found a one-way gate to the infinite horrors of the Abyss.
 75147 | Depths:3 | Noticed Louise
 76004 | Depths:3 | Killed Louise
 76439 | Depths:3 | Identified the +9 rapier of the Original Sin {drain, *Drain rElec rF+ Dex+7} (You found it on level 3 of the Depths)
 76867 | Depths:4 | Reached skill level 15 in Air Magic
 77019 | Depths:4 | Found a gateway to a ziggurat.
 77461 | Depths:4 | Found Nurink's General Store.
 77577 | Depths:4 | Bought a wand of acid (9) for 572 gold pieces
 78273 | Depths:4 | Found Tihuveza's General Store.
 78281 | Depths:4 | Bought a potion of haste for 160 gold pieces
 78281 | Depths:4 | Bought 2 potions of haste for 320 gold pieces
 78281 | Depths:4 | Bought a potion of mutation for 128 gold pieces
 78281 | Depths:4 | Bought a potion of heal wounds for 80 gold pieces
 79295 | Depths:5 | Entered Level 5 of the Depths
 79497 | Depths:5 | Noticed a juggernaut
 79751 | Depths:4 | Learned a level 9 spell: Tornado
 79771 | Depths:5 | Killed a juggernaut
 79832 | Depths:5 | Paralysed by a sphinx for 7 turns
 80099 | Depths:5 | Found a gate to the Realm of Zot.
 80588 | Zot:1    | Entered Level 1 of the Realm of Zot
 80997 | Zot:1    | Noticed Tiamat
 81094 | Zot:1    | Killed Tiamat
 82200 | Zot:1    | Reached skill level 10 in Armour
 84798 | Vaults:1 | Learned a level 2 spell: Sublimation of Blood
 84959 | Elf:2    | Bought a manual of Fighting for 1876 gold pieces
 85225 | Hell     | Entered the Vestibule of Hell
 85225 | Hell     | Noticed Geryon
 85235 | Hell     | Killed Geryon
 85862 | Hell     | Found a gateway to the decaying netherworld of Tartarus.
 85913 | Hell     | Found a gateway to the Iron City of Dis.
 85924 | Dis:1    | Entered Level 1 of the Iron City of Dis
 86519 | Dis:2    | Reached skill level 15 in Fighting
 86816 | Dis:4    | Reached skill level 1 in Charms
 87294 | Dis:7    | Entered Level 7 of the Iron City of Dis
 87347 | Dis:7    | Reached skill level 5 in Charms
 87811 | Dis:7    | Gained mutation: You are agile. (Dex +2) [a cacodemon]
 88198 | Dis:7    | Reached skill level 5 in Stealth
 88331 | Dis:7    | Noticed Dispater
 88694 | Dis:7    | Killed Dispater
 88697 | Dis:7    | Got ancient ice dragon scales
 88705 | Dis:7    | Got an iron rune of Zot
 88707 | Dis:7    | Identified the cursed +1 ice dragon scales of the Catfish {rF- rC++ Slay+2} (You took it off Dispater on level 7 of the Iron City of Dis)
 88713 | Dis:7    | Identified the ring "Tieproir" {rF+ Int+6} (You found it on level 7 of the Iron City of Dis)
 88719 | Dis:7    | Identified the +8 chain mail "Tuwiptit" {Str+4} (You found it on level 7 of the Iron City of Dis)
 89197 | Zig:1    | Entered Level 1 of a ziggurat
 89248 | Zig:2    | Entered Level 2 of a ziggurat
 89270 | Zig:3    | Entered Level 3 of a ziggurat
 89279 | Zig:3    | Identified Sif Muna's Incunabulum of Lucky Envenoming
 89311 | Zig:4    | Entered Level 4 of a ziggurat
 89373 | Zig:5    | Entered Level 5 of a ziggurat
 89375 | Zig:5    | Noticed a greater mummy
 89375 | Zig:5    | Noticed a greater mummy
 89384 | Zig:5    | Killed a greater mummy
 89386 | Zig:5    | Killed a greater mummy
 89394 | Zig:5    | Identified the Almanac of Companions and Transmutation
 89408 | Zig:5    | Identified the +8 mace of Famine {crush, Str-2 Dex+4} (You found it on level 5 of a ziggurat)
 89458 | Zig:6    | Entered Level 6 of a ziggurat
 89498 | Zig:6    | Identified the +5 ring mail "Iqaloumo" {rPois rC+ Str-2 Dex+4} (You found it on level 6 of a ziggurat)
 89522 | Zig:7    | Entered Level 7 of a ziggurat
 89546 | Zig:7    | Got a sparkling brass ring
 89558 | Zig:7    | Identified the ring "Cyosut" {+Inv rElec rF+ MR+ SInv} (You found it on level 7 of a ziggurat)
 89620 | Zig:8    | Entered Level 8 of a ziggurat
 89636 | Zig:8    | Identified the Compendium of Darkness
 89642 | Zig:8    | Got a faintly glowing tin ring
 89643 | Zig:8    | Identified the ring of Osuffuw {+Blink rElec MP+9 Int-3} (You found it on level 8 of a ziggurat)
 89646 | Zig:8    | Identified the cursed +2 mace of the Thing {pain, rF- Str+6 Int+5} (You found it on level 8 of a ziggurat)
 89701 | Zig:9    | Entered Level 9 of a ziggurat
 89715 | Zig:9    | Noticed Ydwuzoi the pandemonium lord
 89721 | Zig:9    | Killed Ydwuzoi the pandemonium lord
 89843 | Zig:10   | Entered Level 10 of a ziggurat
 89879 | Zig:10   | Identified the Tome of Fire and Shape Shifting
 89913 | Zig:11   | Entered Level 11 of a ziggurat
 89940 | Zig:11   | Found the +8 storm bow {elec}
 90033 | Zig:12   | Entered Level 12 of a ziggurat
 90041 | Zig:12   | Noticed a juggernaut
 90051 | Zig:12   | Noticed a juggernaut
 90055 | Zig:12   | Killed a juggernaut
 90058 | Zig:12   | Killed a juggernaut
 90076 | Zig:12   | Identified Ekiciz's Volume of Curses and Companions
 90232 | Pan      | Entered Pandemonium
 90340 | Pan      | Found a huge runed gate.
 90340 | Pan      | Found a huge runed gate.
 90340 | Pan      | Found a huge runed gate.
 90340 | Pan      | Found a huge runed gate.
 90340 | Pan      | Found a huge runed gate.
 90340 | Pan      | Found a huge runed gate.
 90340 | Pan      | Found a huge runed gate.
 90340 | Pan      | Found a huge runed gate.
 90340 | Pan      | Found a huge runed gate.
 90340 | Pan      | Found a huge runed gate.
 90341 | Pan      | Found a huge runed gate.
 90893 | Pan      | Noticed Liur the pandemonium lord
 90903 | Pan      | Killed Liur the pandemonium lord
 90967 | Pan      | Got a demonic rune of Zot
 91473 | Pan      | Entered the realm of Lom Lobon.
 91496 | Pan      | Identified A Thorough Guide to the Arcane Arts
 91677 | Pan      | Reached skill level 10 in Stealth
 92003 | Pan      | Noticed Lom Lobon
 92012 | Pan      | Killed Lom Lobon
 92023 | Pan      | Got a magical rune of Zot
 92089 | Pan      | Entered the realm of Gloorx Vloq.
 93853 | Pan      | Noticed Gloorx Vloq
 93862 | Pan      | Killed Gloorx Vloq
 93867 | Pan      | Got a dark rune of Zot
 93937 | Pan      | Entered the realm of Cerebov.
 94648 | Pan      | Identified the +1 ring mail "Edwah" {Int+2 Slay+2 SInv} (You found it in Pandemonium)
 94713 | Pan      | Identified the ring "Noiclev" {rC+++ rN+ Str+6 Int-4} (You took it off a balrug in Pandemonium)
 94801 | Pan      | Identified the Catalogue of the Glacier
 94803 | Pan      | Identified the Compendium of Flamy Dislocation
 94834 | Pan      | Learned a level 8 spell: Chain Lightning
 94851 | Pan      | Noticed Cerebov
 94860 | Pan      | Killed Cerebov
 94891 | Pan      | Got a fiery rune of Zot
 94910 | Pan      | Identified Vamnauhi's Papyrus of Conjuration and the Compass
 95076 | Pan      | Entered the realm of Mnoleg.
 95105 | Pan      | Gained mutation: You are somewhat resistant to further mutation. [a neqoxec]
 95144 | Pan      | Noticed Mnoleg
 95144 | Pan      | Gained mutation: Scrolls take you a little longer to read. [Mnoleg's mutagenic touch]
 95181 | Pan      | Killed Mnoleg
 95208 | Pan      | Got a glowing rune of Zot
 95375 | Pan      | Found an exit through the horrors of the Abyss.
 95380 | Pan      | Took an exit into the Abyss.
 95380 | Abyss:1  | Escaped into the Abyss
 95387 | Depths:3 | Escaped the Abyss
 95569 | Hell     | Found a gateway to the ashen valley of Gehenna.
 95675 | Geh:1    | Entered Level 1 of Gehenna
 96017 | Geh:7    | Entered Level 7 of Gehenna
 96062 | Geh:7    | Noticed Asmodeus
 96108 | Geh:7    | Got an obsidian rune of Zot
 96153 | Geh:7    | Reached skill level 22 in Necromancy
 96279 | Hell     | Found a gateway to the freezing wastes of Cocytus.
 96304 | Coc:1    | Entered Level 1 of Cocytus
 96532 | Coc:4    | You are sucked into a shaft!
 96544 | Coc:6    | Reached skill level 15 in Evocations
 96576 | Coc:7    | Entered Level 7 of Cocytus
 96725 | Coc:7    | Noticed Antaeus
 96778 | Coc:7    | Noticed the Serpent of Hell
 96793 | Coc:7    | Killed Antaeus
 96800 | Coc:7    | Killed the Serpent of Hell
 96800 | Coc:7    | Reached skill level 23 in Necromancy
 96863 | Coc:7    | Got an icy rune of Zot
 97047 | Tar:1    | Entered Level 1 of Tartarus
 97395 | Tar:7    | Entered Level 7 of Tartarus
 97515 | Tar:7    | Found the +7 captain's cutlass {speed, disarm}
 97516 | Tar:7    | Noticed an ancient lich
 97523 | Tar:7    | Killed an ancient lich
 97531 | Tar:7    | Identified the Papyrus of Warped Protection
 97755 | Tar:7    | Identified the ring of Suram {rF++ rN+ Str+2 Slay-4} (You found it on level 7 of Tartarus)
 97930 | Tar:7    | Reached skill level 24 in Necromancy
 97960 | Tar:7    | Noticed an ancient lich
 97973 | Tar:7    | Killed an ancient lich
 98194 | Tar:7    | Identified the Compendium of Congealing Flames
 98249 | Tar:7    | Got a bone rune of Zot
 98963 | Zot:3    | Noticed an orb of fire
100025 | Zot:5    | Entered Level 5 of the Realm of Zot
100031 | Zot:5    | Reached skill level 25 in Necromancy
100263 | Zot:5    | Noticed an ancient lich
100266 | Zot:5    | Killed an ancient lich
100335 | Zot:5    | Noticed an ancient lich
100339 | Zot:5    | Killed an ancient lich
100390 | Zot:5    | Noticed an ancient lich
100418 | Zot:5    | Killed an ancient lich
100461 | Zot:5    | Noticed an orb of fire
100491 | Zot:5    | Killed an orb of fire
100704 | Zot:5    | Noticed an orb of fire
100728 | Zot:5    | Killed an orb of fire
100728 | Zot:5    | Reached skill level 26 in Necromancy
100777 | Zot:5    | Noticed an orb of fire
100790 | Zot:5    | Killed an orb of fire
101932 | Zot:5    | Noticed an orb of fire
101943 | Zot:5    | Noticed an orb of fire
101961 | Zot:5    | Killed an orb of fire
101967 | Zot:5    | Killed an orb of fire
101967 | Zot:5    | Reached skill level 27 in Necromancy
101990 | Zot:5    | Noticed an ancient lich
102002 | Zot:5    | Killed an ancient lich
102229 | Zot:5    | Noticed an orb of fire
102237 | Zot:5    | Lost mutation: Your mind is acute. (Int +2) [an orb of fire]
102239 | Zot:5    | Noticed an orb of fire
102239 | Zot:5    | Killed an orb of fire
102248 | Zot:5    | Killed an orb of fire
102467 | Zot:5    | Reached skill level 1 in Throwing
102892 | Zot:5    | Noticed an orb of fire
102910 | Zot:5    | Killed an orb of fire
102910 | Zot:5    | Reached skill level 5 in Throwing
103045 | Zot:5    | Noticed an orb of fire
103066 | Zot:5    | Killed an orb of fire
103135 | Zot:5    | Got the Orb of Zot
103617 | D:5      | Noticed a seraph
103654 | D:5      | Noticed Seafaos the pandemonium lord
103773 | D:$      | Escaped with the Orb!

Skill      XL: |  1  2  3  4  5  6  7  8  9 10 11 12 13 14 15 16 17 18 19 20 21 22 23 24 25 26 27 |
---------------+----------------------------------------------------------------------------------+-----
Fighting       | 1 2 3 4 5 7 9 11 13 25 | 25.8
Necromancy     | 5 6 7 8 9 10 12 13 15 16 17 18 19 20 21 27 | 27.0
Spellcasting   | 3 4 6 8 10 12 13 14 16 17 18 19 24 | 24.0
Maces & Flails | 1 3 5 6 7 |  7.3
Earth Magic    | 2 3 5 6 7 9 11 12 | 12.9
Evocations     | 2 4 8 11 17 | 17.4
Dodging        | 6 7 8 9 11 14 15 17 | 17.6
Shields        | 4 7 |  7.5
Armour         | 4 7 9 11 | 11.3
Translocations | 1 4 6 |  6.8
Conjurations   | 8 12 14 15 17 21 | 21.1
Air Magic      | 7 8 26 | 26.2
Summonings     | 2 |  2.1
Transmutations | 3 5 6 7 |  7.3
Fire Magic     | 6 10 13 | 13.0
Charms         | 5 |  5.3
Stealth        | 11 | 11.2
Throwing       | 5 |  5.4

Action                   |  1- 3 |  4- 6 |  7- 9 | 10-12 | 13-15 | 16-18 | 19-21 | 22-24 | 25-27 || total
-------------------------+-------+-------+-------+-------+-------+-------+-------+-------+-------++-------
Melee: Mace              |     5 |    66 |   256 |   184 |       |       |       |       |       ||   511
       Short sword       |     5 |       |       |       |       |       |       |       |       ||     5
       Kick              |     3 |     6 |    66 |    71 |   158 |    61 |   111 |    38 |   518 ||  1032
       Peck              |     1 |    10 |    37 |    46 |    95 |    37 |    72 |    22 |   326 ||   646
       Flail             |       |       |       |    97 |   533 |   195 |   256 |    80 |  1077 ||  2238
Throw: Stone             |       |     3 |    11 |       |       |       |       |       |       ||    14
       Tomahawk          |       |       |     2 |     7 |     3 |       |       |       |       ||    12
       Throwing net      |       |       |       |       |       |       |     1 |       |       ||     1
 Cast: Pain              |    59 |    53 |    88 |   168 |   203 |   179 |    21 |       |       ||   771
       Animate Skeleton  |     2 |    10 |    13 |    33 |    45 |     8 |     7 |    12 |     7 ||   137
       Vampiric Draining |       |     6 |    31 |    63 |    59 |    33 |     4 |       |       ||   196
       Regeneration      |       |       |     1 |     6 |     8 |    22 |    13 |     1 |   140 ||   191
       Borgnjor's Vile C |       |       |       |    25 |   108 |   142 |    49 |    12 |   114 ||   450
       Corpse Rot        |       |       |       |     3 |       |       |       |       |       ||     3
       Animate Dead      |       |       |       |     7 |     8 |     8 |     9 |     6 |    71 ||   109
       Dispel Undead     |       |       |       |       |    17 |    20 |    59 |    53 |   512 ||   661
       Ozocubu's Armour  |       |       |       |       |     5 |     4 |       |       |       ||     9
       Infestation       |       |       |       |       |       |    16 |    23 |     3 |    19 ||    61
       Bolt of Draining  |       |       |       |       |       |    90 |   368 |   314 |    41 ||   813
       Blink             |       |       |       |       |       |     3 |     2 |     5 |    19 ||    29
       Summon Lightning  |       |       |       |       |       |       |    13 |     7 |    17 ||    37
       Apportation       |       |       |       |       |       |       |     1 |       |    10 ||    11
       Lee's Rapid Decon |       |       |       |       |       |       |       |    21 |   405 ||   426
       Statue Form       |       |       |       |       |       |       |       |       |    27 ||    27
       Iron Shot         |       |       |       |       |       |       |       |       |   992 ||   992
       Bolt of Fire      |       |       |       |       |       |       |       |       |   354 ||   354
       Sublimation of Bl |       |       |       |       |       |       |       |       |   332 ||   332
       Tornado           |       |       |       |       |       |       |       |       |    76 ||    76
       Chain Lightning   |       |       |       |       |       |       |       |       |    15 ||    15
       Passwall          |       |       |       |       |       |       |       |       |     9 ||     9
       Passage of Golubr |       |       |       |       |       |       |       |       |     4 ||     4
Invok: Receive Corpses   |       |       |       |     2 |     2 |     3 |     2 |     7 |    53 ||    69
       Receive Necronomi |       |       |       |       |     1 |       |       |       |       ||     1
 Abil: Fly               |       |     1 |     4 |     2 |     3 |       |       |       |       ||    10
       End Transformatio |       |       |       |       |       |       |       |       |     3 ||     3
       Evoke Invisibilit |       |       |       |       |       |       |       |       |     1 ||     1
Evoke: Wand              |       |       |     9 |    27 |    47 |    52 |    32 |    16 |   125 ||   308
       Lightning rod     |       |       |       |       |       |    17 |     7 |     4 |    31 ||    59
       Phial of floods   |       |       |       |       |       |     3 |     3 |       |     6 ||    12
       Phantom mirror    |       |       |       |       |       |     1 |     1 |       |     5 ||     7
       Lamp of fire      |       |       |       |       |       |     1 |       |     2 |     7 ||    10
       Box of beasts     |       |       |       |       |       |       |       |       |     2 ||     2
  Use: Scroll            |       |     4 |     6 |    11 |    14 |    10 |    17 |    11 |    69 ||   142
       Potion            |       |     1 |       |     1 |       |     5 |     8 |     6 |    54 ||    75
 Stab: Sleeping          |     1 |     1 |     2 |       |     7 |       |       |       |       ||    11
       Distracted        |     1 |       |       |     2 |     1 |     1 |     1 |     2 |     1 ||     9
       Paralysed         |       |       |       |       |     1 |       |       |       |     4 ||     5
  Eat: Chunk             |     4 |     7 |    10 |    23 |    45 |    42 |    24 |    10 |    19 ||   184
       Ration            |       |       |     1 |     4 |     4 |     7 |     6 |     5 |    44 ||    71
Armor: Robe              |     8 |    19 |     9 |       |       |       |       |       |       ||    36
       Skin              |       |    20 |       |       |       |       |       |       |   211 ||   231
       Leather armour    |       |       |   118 |    96 |   105 |    55 |    13 |       |       ||   387
       Fire dragon scale |       |       |       |       |       |       |    66 |    64 |   319 ||   449
       Ring mail         |       |       |       |       |       |       |    33 |    24 |       ||    57
       Pearl dragon scal |       |       |       |       |       |       |       |       |   369 ||   369
Dodge: Dodged            |    16 |    46 |   169 |   192 |   431 |   291 |   349 |   157 |  2870 ||  4521
Block: Buckler           |       |       |       |     1 |   242 |   149 |   206 |   104 |  1315 ||  2017
